[Event "ICC Open 2015"]
[Site "Internet Chess Club"]
[Date "2015.05.30"]
[Round "9"]
[White "BOBCATS"]
[Black "auket40"]
[Result "1-0"]
[ICCResult "Black forfeits on time"]
[WhiteElo "2022"]
[BlackElo "1635"]
[Opening "King's Indian: Anti-Grünfeld"]
[ECO "E60"]
[NIC "KI.80"]
[Time "15:48:18"]
[TimeControl "180+0"]

1. d4 Nf6 2. c4 g6 3. d5 c6 4. Nc3 Bg7 5. e4 e5 6. d6 O-O 7. f3 b6 8. a3 Nh5
9. g3 f5 10. Be2 fxe4 11. fxe4 Nf6 12. Bg5 Qe8 13. Bxf6 Bxf6 14. h4 Bg7 15.
Qd3 Na6 16. b4 Bb7 17. Nh3 h6 18. O-O-O Qe6 19. Rdf1 Rxf1+ 20. Bxf1 Rf8 21.
Ng1 Rf2 22. Nh3 Rf7 23. Be2 Nb8 24. Qe3 Qxd6 25. Nf2 Qd4 26. Nfd1 d5 27.
cxd5 cxd5 28. Nb5 Qa1+ 29. Kd2 dxe4 30. Rf1 Rd7+ 31. Ke1 Nc6 32. Bc4+ Kh7
33. Nc3 Nd4 34. Kf2 Nc2 35. Qe1 e3+ 36. Kg1 Nxe1 37. Rxe1 e2 38. Bxe2 Rxd1
39. Nxd1 Qxa3 40. b5 {Black forfeits on time} 1-0

[Event "ICC Open 2015"]
[Site "Internet Chess Club"]
[Date "2015.05.30"]
[Round "9"]
[White "chessassassin"]
[Black "Borknagar"]
[Result "1-0"]
[ICCResult "Black checkmated"]
[WhiteElo "1960"]
[BlackElo "1942"]
[Opening "QGD Slav: 4.e3"]
[ECO "D11"]
[NIC "SL.01"]
[Time "15:47:51"]
[TimeControl "180+0"]

1. d4 d5 2. c4 c6 3. Nf3 Nf6 4. e3 g6 5. b3 Bg7 6. Bb2 O-O 7. Bd3 Bg4 8. O-O
e6 9. Nbd2 Re8 10. h3 Bxf3 11. Nxf3 Nbd7 12. Rc1 Qa5 13. a3 Rad8 14. b4 Qc7
15. Qa4 Ra8 16. b5 cxb5 17. cxb5 Qd6 18. Bc3 Nb6 19. Qb3 Qd7 20. a4 Rac8 21.
Ne5 Qd8 22. Bb4 Bf8 23. Bc5 Ra8 24. Qb4 Nbd7 25. Bxf8 Rxf8 26. Nxd7 Qxd7 27.
Rc5 b6 28. Rc6 Rac8 29. Rfc1 Rxc6 30. bxc6 Qc7 31. Ba6 Ne8 32. a5 Nd6 33.
axb6 axb6 34. Bb5 Rb8 35. h4 h5 36. g3 Ne4 37. Kg2 Nd6 38. Ra1 Ne8 39. Ra2
Nd6 40. Ra6 Nc8 41. Ra1 Nd6 42. Ra2 Nc8 43. Ra1 Nd6 44. Rc1 Ne4 45. f3 Nd6
46. g4 hxg4 47. fxg4 Ne4 48. Qe1 Ra8 49. Rc2 Ra3 50. Re2 Ra5 51. Rb2 f5 52.
gxf5 exf5 53. Kh3 Kg7 54. h5 gxh5 55. Rg2+ Kh7 56. Qh4 Qf7 57. c7 Ra8 58.
Bd7 Qxd7 59. Qxh5# {Black checkmated} 1-0

[Event "ICC Open 2015"]
[Site "Internet Chess Club"]
[Date "2015.05.30"]
[Round "9"]
[White "richbe"]
[Black "holderlin"]
[Result "1/2-1/2"]
[ICCResult "Black ran out of time and White has no material to mate"]
[WhiteElo "2025"]
[BlackElo "1713"]
[Opening "Sicilian: closed"]
[ECO "B23"]
[NIC "SI.44"]
[Time "15:47:46"]
[TimeControl "180+0"]

1. e4 c5 2. Nc3 g6 3. f4 Bg7 4. Nf3 e6 5. a4 Ne7 6. Bc4 O-O 7. d3 d5 8. Bb3
Nbc6 9. O-O Nd4 10. Nxd4 cxd4 11. Ne2 dxe4 12. dxe4 Qb6 13. Kh1 Nc6 14. c3
Rd8 15. cxd4 Nxd4 16. Nxd4 Bxd4 17. Qc2 Bd7 18. Bd2 Rac8 19. Bc3 Bc6 20. a5
Qc5 21. Bxd4 Qxc2 22. Bxc2 Rxd4 23. Rae1 Bb5 24. Rf2 Rdc4 25. Bd3 Rc1 26.
Rxc1 Rxc1+ 27. Rf1 Rxf1+ 28. Bxf1 Bxf1 29. Kg1 Bd3 30. e5 f6 31. Kf2 fxe5
32. fxe5 Be4 33. Ke3 Bd5 34. g3 Kf7 35. Kd4 Ke7 36. Kc5 Kd7 37. b4 Kc7 38.
b5 b6+ 39. axb6+ axb6+ 40. Kd4 Kd7 41. h4 Ke7 42. Kc3 Kf7 43. Kd4 Kg7 44.
Ke3 Kh6 45. Kf4 Kg7 46. g4 h6 47. g5 hxg5+ 48. hxg5 Kf7 49. Ke3 Ke7 50. Kd4
Kd7 51. Kc3 Kc7 52. Kb4 Bf3 53. Kc3 Be2 54. Kb4 Bf1 55. Ka4 Bg2 56. Kb4 Bd5
57. Ka4 Be4 58. Kb4 Bf5 59. Kc4 Be4 60. Kb4 Bd3 61. Ka4 Bxb5+ 62. Kxb5 Kb7
63. Kb4 Ka6 64. Kc4 b5+ 65. Kb4 Kb6 66. Kb3 Kc6 67. Kc3 Kd5 68. Kb4 Kxe5 69.
Kxb5 Kf5 70. Kc4 Kxg5 71. Kd4 Kf4 72. Kd3 g5 73. Ke2 Kg3 74. Kf1 e5 75. Kg1
e4 76. Kf1 e3 77. Ke1 e2 78. Kxe2 Kg2 79. Ke3 g4 80. Ke4 g3 81. Kd4
{Black ran out of time and White has no material to mate}
1/2-1/2

[Event "ICC Open 2015"]
[Site "Internet Chess Club"]
[Date "2015.05.30"]
[Round "9"]
[White "NICO"]
[Black "Chiraakk"]
[Result "1-0"]
[ICCResult "Black resigns"]
[WhiteElo "2230"]
[BlackElo "1643"]
[Opening "French: Réti (Spielmann) variation"]
[ECO "C00"]
[NIC "FR.01"]
[Time "15:48:31"]
[TimeControl "180+0"]

1. e4 e6 2. b3 d5 3. Bb2 Nf6 4. e5 Nfd7 5. Qg4 c5 6. f4 Nc6 7. Nf3 f5 8. Qg3
Qe7 9. Be2 Qf7 10. Ng5 Qe7 11. Nxh7 Kd8 12. Ng5 Kc7 13. Nc3 a6 14. O-O-O b5
15. Bxb5 axb5 16. Nxb5+ Kb6 17. a4 Ba6 18. Nd6 Rb8 19. h4 c4 20. Qf2+ Kc7
21. Ba3 cxb3 22. Nb5+ Bxb5 23. Bxe7 Bxe7 24. Nxe6+ Kc8 25. axb5 Ba3+ 26. Kb1
bxc2+ 27. Kxc2 Rxb5 28. Rb1 Bb4 {Black resigns} 1-0

[Event "ICC Open 2015"]
[Site "Internet Chess Club"]
[Date "2015.05.30"]
[Round "9"]
[White "Lightlike"]
[Black "Parsifal"]
[Result "1-0"]
[ICCResult "Black resigns"]
[WhiteElo "2655"]
[BlackElo "2417"]
[Opening "Sicilian: Alapin's variation (2.c3)"]
[ECO "B22"]
[NIC "SI.46"]
[Time "15:49:06"]
[TimeControl "180+0"]

1. e4 c5 2. c3 Nf6 3. e5 Nd5 4. Nf3 e6 5. d4 cxd4 6. cxd4 b6 7. Nc3 Nxc3 8.
bxc3 Qc7 9. Bd2 Bb7 10. Bd3 Be7 11. O-O d6 12. Re1 Nd7 13. a4 O-O 14. a5
Bxf3 15. Qxf3 dxe5 16. axb6 Qxb6 17. Reb1 Qd8 18. Rb7 exd4 19. cxd4 a6 20.
Ba5 Qe8 21. Be4 Bd8 22. Bc6 Bxa5 23. Rxa5 Rd8 24. Rxa6 Qe7 25. Raa7 Qg5 26.
h4 Nf6 27. hxg5 {Black resigns} 1-0

[Event "ICC Open 2015"]
[Site "Internet Chess Club"]
[Date "2015.05.30"]
[Round "9"]
[White "Psycho-Cowboy"]
[Black "Neurisdr"]
[Result "1-0"]
[ICCResult "Black resigns"]
[WhiteElo "2514"]
[BlackElo "2863"]
[Opening "Queen's Indian: Nimzovich variation (exaggerated fianchetto)"]
[ECO "E15"]
[NIC "QI.05"]
[Time "15:47:48"]
[TimeControl "180+0"]

1. d4 Nf6 2. c4 e6 3. Nf3 b6 4. g3 Ba6 5. Qc2 Bb4+ 6. Bd2 Qe7 7. e4 Bb7 8.
Bd3 Bxd2+ 9. Nbxd2 c5 10. e5 Ng4 11. Be4 Nc6 12. h3 Nh6 13. O-O cxd4 14.
Rfe1 f5 15. Bxc6 dxc6 16. Nxd4 c5 17. Nb5 O-O 18. Nd6 Bc6 19. f4 g5 20. Nf1
gxf4 21. gxf4 Kh8 22. Kf2 Rg8 23. Ke3 Rg2 24. Qd1 Qh4 25. Re2 Rag8 26. Kd3
Be4+ 27. Kc3 Bf3 28. Rxg2 Bxd1 29. Rxg8+ Kxg8 30. Rxd1 Qxf4 31. Nb5 Qxe5+
32. Kb3 Nf7 33. Nd2 Qe3+ 34. Nc3 e5 35. Kc2 e4 36. Nd5 Qd3+ 37. Kc1 Qxh3 38.
Nf1 Ne5 39. Nfe3 Nd3+ 40. Kb1 f4 41. Nf5 f3 42. Rg1+ Kf7 43. Nd6+ Ke6 44.
Nxe4 f2 45. Ng5+ Ke5 46. Nxh3 f1=Q+ 47. Rxf1 Kd4 48. b3 b5 49. Nhf4 bxc4 50.
Nxd3 cxd3 51. Nf4 c4 52. bxc4 Kxc4 53. Rd1 Kd4 54. Nxd3 Ke3 55. Nc1 h5 56.
Rh1 Kf4 57. Rxh5 {Black resigns} 1-0

[Event "ICC Open 2015"]
[Site "Internet Chess Club"]
[Date "2015.05.30"]
[Round "9"]
[White "pagoda"]
[Black "patzenfeet"]
[Result "1-0"]
[ICCResult "Black checkmated"]
[WhiteElo "1924"]
[BlackElo "1577"]
[Opening "Four knights: Italian variation"]
[ECO "C47"]
[NIC "VO.15"]
[Time "15:49:04"]
[TimeControl "180+0"]

1. Nc3 Nf6 2. e4 e5 3. Nf3 Nc6 4. Bc4 Be7 5. d3 O-O 6. Bg5 Na5 7. Nxe5 d6 8.
Nf3 Nxc4 9. dxc4 Be6 10. Qd3 Ng4 11. Bxe7 Qxe7 12. O-O Ne5 13. Nxe5 dxe5 14.
Nd5 Qc5 15. b3 Rad8 16. Qg3 c6 17. Ne3 Qd4 18. Qf3 f5 19. exf5 e4 20. Qf4
Bc8 21. Rad1 Qc3 22. Qxe4 Rfe8 23. Qf4 Qf6 24. g4 g6 25. g5 Qf7 26. f6 Bh3
27. Rfe1 Qe6 28. Qc7 Rxd1 29. Qg7# {Black checkmated} 1-0

[Event "ICC Open 2015"]
[Site "Internet Chess Club"]
[Date "2015.05.30"]
[Round "9"]
[White "livis"]
[Black "kaspinha"]
[Result "0-1"]
[ICCResult "White forfeits on time"]
[WhiteElo "1924"]
[BlackElo "2322"]
[Opening "Caro-Kann: advance variation"]
[ECO "B12"]
[NIC "CK.04"]
[Time "15:48:09"]
[TimeControl "180+0"]

1. e4 c6 2. d4 d5 3. e5 Bf5 4. Nf3 e6 5. Be2 c5 6. c3 Nc6 7. O-O Qb6 8. dxc5
Bxc5 9. b4 Be7 10. Nbd2 a5 11. b5 Nb8 12. a4 Nd7 13. Nb3 Qc7 14. Nbd4 Be4
15. Bf4 h6 16. Bg3 Qxc3 17. Rc1 Qb4 18. Rc7 Rb8 19. Qc1 Bd8 20. Rc8 Ne7 21.
Rxb8 Nxb8 22. b6 O-O 23. Bb5 Bxb6 24. Qa1 Nbc6 25. Nxc6 bxc6 26. Be2 Nf5 27.
Rc1 c5 28. Bb5 c4 29. Nh4 Nxh4 30. Bxh4 Qd2 31. h3 Bd4 32. Qa3 Bb2
{White forfeits on time}
0-1

[Event "ICC Open 2015"]
[Site "Internet Chess Club"]
[Date "2015.05.30"]
[Round "9"]
[White "grancaruso"]
[Black "MadMad"]
[Result "1-0"]
[ICCResult "Black forfeits on time"]
[WhiteElo "1815"]
[BlackElo "1451"]
[Opening "King's Indian: 6.Be2"]
[ECO "E91"]
[NIC "KI.19"]
[Time "15:48:16"]
[TimeControl "180+0"]

1. Nf3 Nf6 2. c4 g6 3. Nc3 Bg7 4. e4 d6 5. d4 O-O 6. Be2 c5 7. O-O cxd4 8.
Nxd4 Nc6 9. Be3 Bd7 10. f3 Qb6 11. Nc2 Qxb2 12. Nb5 Qe5 13. f4 Qe6 14. Nc7
Qxe4 15. Bd3 Qxe3+ 16. Nxe3 Rac8 17. Nb5 a6 18. Na3 Nh5 19. Rb1 Na5 20. Qd2
Nc6 21. Rxb7 Be6 22. Nd5 Bd4+ 23. Kh1 Bxd5 24. cxd5 Nd8 25. Rxe7 Bf6 26. Ra7
Rc5 27. Be4 Re8 28. g4 Ng7 29. Bf3 Bc3 30. Qd3 f5 31. Rxa6 fxg4 32. Bxg4
{Black forfeits on time}
1-0

[Event "ICC Open 2015"]
[Site "Internet Chess Club"]
[Date "2015.05.30"]
[Round "9"]
[White "IlValentino"]
[Black "arobertdennis"]
[Result "0-1"]
[ICCResult "White forfeits on time"]
[WhiteElo "1407"]
[BlackElo "1706"]
[Opening "QGD Slav: 4.Nc3"]
[ECO "D15"]
[NIC "SL.03"]
[Time "15:47:42"]
[TimeControl "180+0"]

1. d4 d5 2. c4 c6 3. Nf3 Nf6 4. Nc3 Bf5 5. e3 e6 6. a3 Be7 7. Bd3 Bg4 8. O-O
Bh5 9. h3 O-O 10. Be2 Nbd7 11. cxd5 exd5 12. Nh2 Bg6 13. Bd3 Bxd3 14. Qxd3
Qc7 15. Bd2 Bd6 16. Nf3 Rfe8 17. Rac1 Ne4 18. Be1 h6 19. Nd2 Nxc3 20. Rxc3
Nf6 21. Nf3 Qe7 22. b4 Ne4 23. Rc2 a5 24. Nd2 axb4 25. axb4 Bxb4 26. Nxe4
dxe4 27. Qe2 Ra4 28. Bxb4 Qxb4 29. Rb2 Qc3 30. Rxb7 Rea8 31. Rbb1 Ra2 32.
Qd1 Rd2 33. Qc1 Qd3 34. Qxc6 Raa2 35. Qe8+ Kh7 36. Qxf7 Ra5 37. Qb3 Qe2 38.
Rfe1 Qa6 39. Rb2 Rd3 40. Qc2 Ra1 41. Rxa1 Qxa1+ 42. Rb1 Qa5 43. Qe2 Qc3 44.
Rd1 g5 45. Qg4 Rxd1+ 46. Qxd1 Kg6 47. d5 Qc8 48. d6 Qd7 49. Qd5 Kg7 50. Qxe4
Qxd6 51. Qd4+ Qxd4 52. exd4 Kf7 53. f3 Ke6 54. Kf2 Kd5 55. Ke3 h5 56. f4 h4
57. fxg5 Ke6 58. g3 Kf7 59. Kf3 Kg6 {White forfeits on time} 0-1

[Event "ICC Open 2015"]
[Site "Internet Chess Club"]
[Date "2015.05.30"]
[Round "9"]
[White "Bundestrainer"]
[Black "Mastercito"]
[Result "0-1"]
[ICCResult "White forfeits on time"]
[WhiteElo "1829"]
[BlackElo "1985"]
[Opening "Réti: King's Indian attack (Barcza system)"]
[ECO "A07"]
[NIC "VO.09"]
[Time "15:48:14"]
[TimeControl "180+0"]

1. g3 d5 2. Nf3 Nf6 3. Bg2 h5 4. h3 c6 5. c4 Bf5 6. cxd5 cxd5 7. Qb3 Qb6 8.
d3 Qxb3 9. axb3 Nc6 10. O-O e6 11. Nc3 a6 12. Nb5 O-O-O 13. Nbd4 Nxd4 14.
Nxd4 Bg6 15. Bf4 Kd7 16. Rfc1 Bd6 17. e4 e5 18. Nf5 Bxf5 19. exf5 exf4 20.
gxf4 Bxf4 21. Rc5 Bd6 22. Rc2 Rc8 23. Rd2 h4 24. Bf3 Nh5 25. Bg4 f6 26. Re2
Nf4 27. Re3 d4 28. Re4 Be5 29. Bf3 Nxd3 30. Rd1 Nxb2 31. Rd2 Rc1+ 32. Kg2
Rb1 33. Ree2 d3 34. Re3 Bf4 35. Rexd3+ Nxd3 36. Rxd3+ Bd6 37. Bxb7 a5 38.
Ba6 Kc7 39. Bb5 Rd8 40. Bc4 Be5 41. Re3 Rd4 42. Re2 Rg4+
{White forfeits on time}
0-1

[Event "ICC Open 2015"]
[Site "Internet Chess Club"]
[Date "2015.05.30"]
[Round "9"]
[White "Prof-chess"]
[Black "legatus"]
[Result "1-0"]
[ICCResult "Black checkmated"]
[WhiteElo "2679"]
[BlackElo "2312"]
[Opening "Scotch: Mieses variation"]
[ECO "C45"]
[NIC "SO.04"]
[Time "15:48:13"]
[TimeControl "180+0"]

1. e4 e5 2. Nf3 Nc6 3. d4 exd4 4. Nxd4 Nf6 5. Nxc6 bxc6 6. e5 Qe7 7. Qe2 Nd5
8. c4 Ba6 9. Nd2 g6 10. Nf3 Bg7 11. g3 O-O 12. Bd2 Rfe8 13. Bg2 f6 14. O-O
fxe5 15. Ng5 Nf6 16. Rfe1 h6 17. Ne4 d5 18. Nxf6+ Qxf6 19. b3 e4 20. Rad1
Rad8 21. Bf4 Re7 22. Qd2 Bb7 23. Qb4 Ba8 24. Be3 d4 25. Bxd4 Rxd4 26. Rxd4
Qxd4 27. Qxe7 Kh7 28. Bxe4 Qc3 29. Re3 Qc1+ 30. Kg2 Qa1 31. Qe6 Qf6 32. Qxf6
Bxf6 33. Rd3 Kg8 34. Rd7 Be5 35. Rd8+ Kf7 36. Rxa8 c5 37. Bc6 Ke7 38. Rxa7
Kd6 39. Bd5 Bb2 40. Ra6+ Ke5 41. Rxg6 c6 42. Re6+ Kd4 43. Rxc6 Ba3 44. Ra6
Bb4 45. Rxh6 Be1 46. Rh4+ Kc3 47. Kf1 Bd2 48. Re4 Bc1 49. Ke2 Ba3 50. Re3+
Kb4 51. f4 Bc1 52. f5 Bb2 53. Rf3 Bf6 54. g4 Ka5 55. Re3 Bd4 56. Re6 Kb4 57.
f6 Kc3 58. f7 Bg7 59. Rg6 Bh6 60. Rxh6 Kb2 61. f8=Q Ka3 62. Qxc5+ Kb2 63.
Kd2 Kb1 64. Kc3 Ka1 65. Ra6 Kb1 66. Qg1# {Black checkmated} 1-0

[Event "ICC Open 2015"]
[Site "Internet Chess Club"]
[Date "2015.05.30"]
[Round "9"]
[White "Jack-Daniels"]
[Black "olimpus"]
[Result "0-1"]
[ICCResult "White resigns"]
[WhiteElo "2866"]
[BlackElo "2809"]
[Opening "Robatsch (modern) defense"]
[ECO "A40"]
[NIC "KF.05"]
[Time "15:49:03"]
[TimeControl "180+0"]

1. d4 g6 2. e4 Bg7 3. Nc3 d6 4. Be3 a6 5. a4 b6 6. g3 Bb7 7. Bg2 Nf6 8. h3
c5 9. Nge2 cxd4 10. Nxd4 O-O 11. O-O Qc7 12. Re1 Nbd7 13. Nd5 Qd8 14. Qd2
Rc8 15. Bh6 Bxh6 16. Qxh6 Nxd5 17. exd5 Nf6 18. Qg5 Rc5 19. b4 Rc4 20. Nf5
Re8 21. Rad1 Rxc2 22. Bf1 Kh8 23. Nxe7 Ng8 24. Bd3 Rc7 25. Qf4 Rcxe7 26.
Rxe7 Qxe7 27. Qd4+ Qe5 28. Qxb6 Qxd5 29. f3 Qxf3 30. Qd4+ f6 {White resigns}
0-1

[Event "ICC Open 2015"]
[Site "Internet Chess Club"]
[Date "2015.05.30"]
[Round "9"]
[White "jps7"]
[Black "toll"]
[Result "0-1"]
[ICCResult "White forfeits on time"]
[WhiteElo "1566"]
[BlackElo "1724"]
[Opening "Queen's pawn game"]
[ECO "D02"]
[NIC "QP.08"]
[Time "15:47:39"]
[TimeControl "180+0"]

1. d4 d5 2. Nf3 Bf5 3. e3 Nf6 4. Bd3 Bg6 5. O-O e6 6. b3 c5 7. Bb2 Nbd7 8.
Nbd2 Bd6 9. Ne5 Qc7 10. f4 h5 11. Nxg6 fxg6 12. Bxg6+ Ke7 13. Nf3 Rh6 14.
Bd3 Ng4 15. h3 Nxe3 16. Qe2 Nxf1 17. Rxf1 Rf8 18. Ne5 Kd8 19. Qe3 cxd4 20.
Bxd4 Bc5 21. Ng6 Bxd4 22. Qxd4 Rf6 23. Ne5 Qc5 24. Qxc5 Nxc5 25. g4 Nxd3 26.
cxd3 Rh8 27. g5 Rf5 28. Ng6 Re8 29. Nh4 Rf7 30. Ng6 Rc7 31. Ne5 Rc2 32. Rf2
Rc1+ 33. Kg2 Ke7 34. Kg3 Rec8 35. Kh4 Rh1 36. Rf3 Kd6 37. Kxh5 Rc2 38. Kg6
Rch2 39. d4 Rxa2 40. Nf7+ Ke7 41. Re3 Rah2 42. f5 Rxh3 43. Rxe6+ Kf8 44. Nd6
Rh6+ 45. gxh6 Rxh6+ 46. Kg5 Rxe6 47. fxe6 Ke7 48. Nxb7 Kxe6 49. Kg6 Kd7 50.
Kxg7 Kc6 51. Nc5 Kb5 52. Kf6 Kb4 53. Ke6 a5 54. Kxd5 Kc3 55. Na4+ Kxb3 56.
Nb6 Kb4 57. Kc6 Kb3 58. d5 Kb4 {White forfeits on time} 0-1

[Event "ICC Open 2015"]
[Site "Internet Chess Club"]
[Date "2015.05.30"]
[Round "9"]
[White "Mormegil"]
[Black "bc18917"]
[Result "1-0"]
[ICCResult "Black resigns"]
[WhiteElo "1692"]
[BlackElo "1717"]
[Opening "King's Indian: fianchetto without c4"]
[ECO "A49"]
[NIC "QP.06"]
[Time "15:49:30"]
[TimeControl "180+0"]

1. d4 Nf6 2. Nf3 g6 3. g3 Bg7 4. Bg2 d5 5. O-O O-O 6. b3 c6 7. Bb2 Nbd7 8.
c4 Re8 9. Nbd2 Ne4 10. Ne1 e5 11. f3 Nxd2 12. Qxd2 dxc4 13. bxc4 Qb6 14. c5
Qc7 15. Nc2 exd4 16. Bxd4 Bxd4+ 17. Qxd4 Qe5 18. e4 Qxc5 19. Qxc5 Nxc5 20.
Rfd1 Be6 21. Nd4 Bc4 22. a3 Ba6 23. Rac1 Nd3 24. Rc2 Rad8 25. Bf1 Rd5 26.
exd5 {Black resigns} 1-0

[Event "ICC Open 2015"]
[Site "Internet Chess Club"]
[Date "2015.05.30"]
[Round "9"]
[White "JCarllsen"]
[Black "chessrex"]
[Result "1/2-1/2"]
[ICCResult "Game drawn by repetition"]
[WhiteElo "1906"]
[BlackElo "2093"]
[Opening "Latvian counter-gambit"]
[ECO "C40"]
[NIC "KP.09"]
[Time "15:48:30"]
[TimeControl "180+0"]

1. e4 e5 2. Nf3 f5 3. exf5 e4 4. Qe2 Qe7 5. Nd4 Nf6 6. d3 d5 7. Bg5 c5 8.
Ne6 Bxe6 9. fxe6 Qxe6 10. Bxf6 gxf6 11. dxe4 Qxe4 12. Nc3 Qxe2+ 13. Bxe2 d4
14. Nd5 Kd8 15. Nxf6 Bg7 16. Nh5 Be5 17. O-O Nc6 18. Bf3 Rf8 19. Rfe1 Rf5
20. Ng3 Bxg3 21. hxg3 Rf6 22. Bxc6 Rxc6 23. Re5 Rac8 24. Rae1 Rd6 25. Re8+
Kc7 26. Rxc8+ Kxc8 27. Re7 Rd7 28. Rxd7 Kxd7 29. f3 Ke6 30. Kf2 Kd5 31. Ke2
b5 32. Kd2 c4 33. Ke2 Ke5 34. Kd2 a5 35. Ke2 Kf5 36. Kd2 Ke5 37. b3 a4 38.
bxa4 bxa4 39. a3 Kf5 40. Ke2 h5 41. Kd2 Ke5 42. Ke2 Kf5 43. Kd2 Kg5 44. Ke2
Kf5 45. Kd2 Ke6 46. Ke2 Kd5 47. Kd2 Ke5 48. Ke2 Kf5 49. Kd2 Kg5 50. Ke2 Kf5
51. Kd2 Ke5 52. Ke2 Kd5 53. Kd2 Ke5 54. Ke2 Kf5 55. Kd2 Ke5 56. Ke2
{Game drawn by repetition}
1/2-1/2

[Event "ICC Open 2015"]
[Site "Internet Chess Club"]
[Date "2015.05.30"]
[Round "9"]
[White "WhitsellF"]
[Black "geilgambler"]
[Result "0-1"]
[ICCResult "White checkmated"]
[WhiteElo "1547"]
[BlackElo "1749"]
[Opening "Novosibirsk opening"]
[ECO "A43"]
[NIC "OI.09"]
[Time "15:48:08"]
[TimeControl "180+0"]

1. d4 c5 2. Nc3 cxd4 3. Qxd4 Nc6 4. Qh4 Nf6 5. Bg5 e6 6. O-O-O d5 7. e4 Be7
8. exd5 exd5 9. Bb5 O-O 10. Nge2 a6 11. Bd3 g6 12. f3 Ne5 13. Nd4 b5 14. Qh6
Bb7 15. h4 Nfg4 16. fxg4 Nxg4 17. Bxe7 Nxh6 18. Bxd8 Rfxd8 19. Rhf1 Ng4 20.
Rf4 Ne3 21. Re1 Nxg2 22. Ref1 Nxf4 23. Rxf4 h5 24. Rf6 Re8 25. Kd2 Rac8 26.
Rb6 Rc7 27. Rd6 Rce7 28. Nxd5 Bxd5 29. Rxd5 Re1 30. Rd6 Rh1 31. Nf3 Rh3 32.
Be2 a5 33. Ng5 Rxh4 34. Bxb5 Re5 35. Bc4 Rxg5 36. Rd8+ Kg7 37. b3 Rh2+ 38.
Kc3 Rgg2 39. Rd7 Rxc2+ 40. Kd3 Rcd2+ 41. Ke3 Rxd7 42. Kf3 Re7 43. Kg3 Rxa2
44. Kf3 a4 45. bxa4 Rxa4 46. Be2 Rb7 47. Bf1 Rb3+ 48. Kg2 Ra2+ 49. Kg1 Rb1
50. Kh1 Rxf1# {White checkmated} 0-1

[Event "ICC Open 2015"]
[Site "Internet Chess Club"]
[Date "2015.05.30"]
[Round "9"]
[White "MassCarnage"]
[Black "Schack"]
[Result "1-0"]
[ICCResult "Black resigns"]
[WhiteElo "1999"]
[BlackElo "1628"]
[Opening "French defense"]
[ECO "C11"]
[NIC "FR.04"]
[Time "15:48:42"]
[TimeControl "180+0"]

1. e4 e6 2. d4 d5 3. Nc3 Nf6 4. Qd3 dxe4 5. Nxe4 Be7 6. Nf3 Nbd7 7. c3 O-O
8. Nxf6+ Bxf6 9. Qe4 Nb6 10. Bd3 g6 11. h4 Qd5 12. Qf4 Bg7 13. h5 e5 14.
dxe5 Qxd3 15. Be3 Qf5 16. Qg3 Nd5 17. hxg6 fxg6 18. Bd4 Be6 19. O-O-O Qf4+
20. Qxf4 Nxf4 21. Kb1 Nxg2 22. Ng5 Rae8 23. Nxh7 Rxf2 24. Bxf2 Bf5+ 25. Ka1
Bxe5 26. Ng5 Nf4 27. Nf3 Bd6 28. Bd4 Kf7 29. Ng5+ Ke7 30. Rde1+ Kd7 31. Rh7+
Be7 32. Bc5 Nd5 33. c4 b6 34. Ba3 Nf6 35. Rhxe7+ Rxe7 36. Rxe7+ Kc6 37. b3
Ne4 38. Nxe4 {Black resigns} 1-0

[Event "ICC Open 2015"]
[Site "Internet Chess Club"]
[Date "2015.05.30"]
[Round "9"]
[White "DDT3000"]
[Black "LUCECOAGU"]
[Result "1-0"]
[ICCResult "Black resigns"]
[WhiteElo "2155"]
[BlackElo "2335"]
[Opening "Sicilian: Alapin's variation (2.c3)"]
[ECO "B22"]
[NIC "SI.46"]
[Time "15:48:23"]
[TimeControl "180+0"]

1. e4 c5 2. c3 Qa5 3. g3 Nc6 4. Bg2 g6 5. Ne2 Bg7 6. O-O d6 7. d3 e6 8. h3
Nge7 9. Nd2 O-O 10. Nc4 Qc7 11. a4 Rb8 12. Bf4 e5 13. Bg5 f6 14. Bc1 Be6 15.
Ne3 a6 16. f4 b5 17. f5 gxf5 18. exf5 Bf7 19. Ng4 Kh8 20. Nh6 Bxh6 21. Bxh6
Rg8 22. Kh2 b4 23. c4 Nd4 24. Nxd4 cxd4 25. b3 d5 26. Rc1 dxc4 27. dxc4 Qc5
28. Qd3 Be8 29. Be4 a5 30. g4 Bc6 31. Rce1 Bxe4 32. Rxe4 Qc6 33. g5 fxg5 34.
f6 Ng6 35. Bxg5 Rgf8 36. f7 Qe6 37. Bf6+ Qxf6 38. Rxf6 Rb7 39. Qf3 Rd7 40.
Qf5 Rdd8 41. Rxg6 hxg6 42. Qxg6 {Black resigns} 1-0

[Event "ICC Open 2015"]
[Site "Internet Chess Club"]
[Date "2015.05.30"]
[Round "9"]
[White "Tut"]
[Black "Darnoc"]
[Result "1-0"]
[ICCResult "Black resigns"]
[WhiteElo "3188"]
[BlackElo "3014"]
[Opening "French: Steinitz, Boleslavsky variation"]
[ECO "C11"]
[NIC "FR.04"]
[Time "15:48:21"]
[TimeControl "180+0"]

1. e4 e6 2. d4 d5 3. Nc3 Nf6 4. e5 Nfd7 5. f4 c5 6. Nf3 Nc6 7. Be3 cxd4 8.
Nxd4 Bc5 9. Qd2 O-O 10. O-O-O a6 11. Nb3 Bb4 12. h4 f6 13. exf6 Nxf6 14. Bd3
e5 15. fxe5 Nxe5 16. Bd4 Nc4 17. Qg5 Be6 18. Rhe1 h6 19. Qg6 Bf7 20. Bxf6
Bxg6 21. Bxd8 Bh5 22. Nxd5 Bxe1 23. Rxe1 Raxd8 24. Bxc4 b5 25. Nf6+ Kh8 26.
Nxh5 bxc4 27. Nd2 Rd4 28. g3 Rf2 29. Ne4 Rf5 30. Nf4 Kh7 31. h5 Re5 32. Ng5+
Rxg5 33. Ne6 Rdg4 34. Nxg5+ hxg5 35. Re3 Kh6 36. Kd2 Kxh5 37. c3 Kg6 38. Ke2
Kf5 39. Kf3 Rf4+ 40. gxf4 gxf4 41. Re8 g5 42. Rf8+ Ke5 43. Kg4 Ke4 44. Re8+
Kd3 45. Kxg5 f3 46. Rf8 Ke2 47. Kf4 f2 48. Ke4 f1=Q 49. Rxf1 Kxf1 50. Kd4
Ke2 51. Kxc4 Kd2 52. Kb4 Kc2 53. b3 Kb2 54. a4 Ka2 55. a5 Kb2 56. c4 Kc2 57.
c5 Kd3 58. c6 Kd4 59. c7 Kd5 60. c8=Q Kd6 61. Qxa6+ {Black resigns} 1-0

[Event "ICC Open 2015"]
[Site "Internet Chess Club"]
[Date "2015.05.30"]
[Round "9"]
[White "RaiseTheCurve"]
[Black "NAS"]
[Result "1-0"]
[ICCResult "Black forfeits on time"]
[WhiteElo "1938"]
[BlackElo "1740"]
[Opening "Van't Kruijs opening"]
[ECO "A00"]
[Time "15:48:22"]
[TimeControl "180+0"]

1. e3 e5 2. b3 d5 3. Bb2 Nc6 4. Bb5 f6 5. f4 Bd6 6. fxe5 Be6 7. exd6 Qxd6 8.
Nf3 O-O-O 9. Qe2 Nge7 10. Ba3 Qd7 11. Nc3 Bg4 12. O-O-O Qe6 13. h3 Bf5 14.
g4 Bg6 15. Bxe7 Nxe7 16. Nd4 Qd6 17. Kb2 c5 18. Nf3 Kb8 19. d4 Rc8 20. dxc5
Qxc5 21. Rd2 Qxc3+ 22. Kb1 Nc6 23. Nd4 Nb4 24. a3 Nc6 25. Bxc6 bxc6 26. Rh2
Ka8 27. Qa6 Rb8 28. Qxc6+ Qxc6 29. Nxc6 Rxb3+ 30. Kc1 Rxe3 31. Rxd5 Rhe8 32.
Rd8+ Rxd8 33. Nxd8 Re1+ 34. Kd2 Re8 35. Nc6 Rc8 36. Nd4 Rd8 37. c3 Rd5 38.
Re2 Ra5 39. Re7 Rxa3 40. Rxg7 Ra2+ 41. Ke3 Rh2 42. Rg8+ Kb7 43. Ne6 Rxh3+
44. Kd4 Rg3 45. Nc5+ Kb6 46. Rb8+ Ka5 47. Rb7 Rxg4+ 48. Kd5 Rg5+ 49. Kd6
Rxc5 50. Rxa7+ {Black forfeits on time} 1-0

[Event "ICC Open 2015"]
[Site "Internet Chess Club"]
[Date "2015.05.30"]
[Round "9"]
[White "muhit"]
[Black "sonovkong"]
[Result "1-0"]
[ICCResult "Black checkmated"]
[WhiteElo "2025"]
[BlackElo "1621"]
[Opening "Bogo-Indian defense"]
[ECO "E11"]
[NIC "QI.01"]
[Time "15:48:00"]
[TimeControl "180+0"]

1. d4 Nf6 2. c4 e6 3. Nf3 Bb4+ 4. Bd2 Bxd2+ 5. Nbxd2 d6 6. g3 Nbd7 7. Bg2
O-O 8. e4 e5 9. d5 b6 10. O-O a5 11. Ne1 Nc5 12. Qc2 Ne8 13. Nd3 Nxd3 14.
Qxd3 f5 15. f4 fxe4 16. Bxe4 Nf6 17. fxe5 dxe5 18. Bg2 Rb8 19. Ne4 Qe7 20.
Nxf6+ Rxf6 21. Rxf6 gxf6 22. Be4 Bd7 23. Rf1 Rf8 24. Bf5 Bxf5 25. Qxf5 Qc5+
26. Kg2 Qxc4 27. Qe6+ Kg7 28. Rf2 Qe4+ 29. Kh3 Qg6 30. b3 Qh5+ 31. Kg2 Qg6
32. d6 cxd6 33. Qxd6 Qe4+ 34. Kh3 Qd4 35. Qxd4 exd4 36. Rd2 Rd8 37. Kg4 Kg6
38. Kf4 d3 39. Ke3 Kg5 40. h3 Kf5 41. a4 Ke5 42. Rxd3 Rg8 43. Kd2 Re8 44.
Re3+ Kf5 45. Rxe8 Kg5 46. Ke3 h5 47. Kf3 f5 48. h4+ Kf6 49. Kf4 Kf7 50. Re5
Kf8 51. Kxf5 Kg8 52. Kf6 Kf8 53. Re6 Kg8 54. Kg6 Kf8 55. Re5 Kg8 56. Re8#
{Black checkmated}
1-0